Canucks vs Flames
Created - April 20, 2023 at 23:24
Goals
|
| Canucks |
0 |
0 |
2 |
0 |
1 |
3 |
| Flames |
0 |
1 |
1 |
0 |
0 |
2 |
|
Shots
|
| Canucks |
7 |
7 |
8 |
3 |
3 |
25 |
| Flames |
8 |
8 |
2 |
1 |
3 |
19 |
|
1st period
No Goal
Penalties :
No Penalty
2nd period
1. Flames , Eric Staal 29 (Jimmy Hayes 39, Sami Vatanen 33) at 1:46
Penalties :
Sam Gagner (Van) for Roughing (Minor) at 4:12, Jimmy Hayes (Cal) for Hooking (Minor) at 15:45
3rd period
2. Canucks , Hampus Lindholm 11 (Jeremy Morin 5, J.T. Miller 42) at 2:04 (PP)
3. Flames , Erik Johnson 6 (Tanner Pearson 33, Sami Vatanen 34) at 2:43
4. Canucks , Tyler Myers 3 (Loui Eriksson 8, Oliver Ekman-Larsson 43) at 12:05 (PP)
Penalties :
Erik Johnson (Cal) for Holding (Minor) at 0:29, Maxim Talbot (Van) for Tripping (Minor) at 6:55, Colby Robak (Cal) for Hooking (Minor) at 11:39, Maxim Talbot (Van) for Roughing (Minor) at 15:16
Overtime #1
No Goal
Penalties :
No Penalty
Shootout
Canucks, J.T. Miller - Stopped by Henrik Lundqvist
Flames, Eric Staal - Shot Misses the Net
Canucks, Gilbert Brule - Goal!
Flames, Patrik Berglund - Stopped by Jonathan Bernier
Canucks, Sam Gagner - Stopped by Henrik Lundqvist
Flames, Brad Marchand - Stopped by Jonathan Bernier
Penalties :
No Penalty
Goalie Stats
Jonathan Bernier (Van), 17 saves from 19 shots - (0.895), W, 25-18-2, 65:00 minutes
Henrik Lundqvist (Cal), 23 saves from 25 shots - (0.920), OTL, 23-19-5, 65:00 minutes
Players Stats for Canucks
Player Name G A P +/- PIM S H SB GA TA FO MP PP MP PK MP
------------------------------------------------------------------------------------
Alexander Kerfoot 0 0 0 0 0 0 0 0 1 0 1/3 7:17 0:00 0:00
Connor Murphy 0 0 0 0 0 1 0 2 0 2 0/0 14:37 0:00 0:00
Denis Gurianov 0 0 0 0 0 0 1 0 0 0 0/0 7:36 0:00 0:00
Gilbert Brule 0 0 0 -1 0 3 3 1 0 0 6/20 21:27 2:03 2:57
Hampus Lindholm 1 0 1 -1 0 1 0 2 2 1 0/0 22:15 1:47 2:30
J.T. Miller 0 1 1 -1 0 4 1 1 2 0 3/7 26:14 2:03 3:01
Jeremy Morin 0 1 1 -1 0 4 2 0 1 0 1/1 21:01 1:57 2:20
Josh Bailey 0 0 0 0 0 0 1 0 0 0 0/0 13:51 0:00 0:00
Loui Eriksson 0 1 1 -1 0 1 2 1 0 0 0/0 17:14 1:57 0:00
Maxim Talbot 0 0 0 -1 4 1 1 1 0 0 6/11 18:26 1:57 0:29
Michael Joly 0 0 0 0 0 0 0 0 0 0 0/0 4:19 0:00 0:00
Nick Spaling 0 0 0 0 0 2 2 0 0 1 1/1 15:15 0:00 1:48
Nikita Zaitsev 0 0 0 -1 0 0 1 0 1 1 0/0 22:15 1:47 2:30
Oliver Ekman-Larsson 0 1 1 -1 0 1 2 1 0 1 0/0 28:20 2:13 3:27
Sam Gagner 0 0 0 -1 2 3 3 0 0 0 0/4 18:36 2:03 0:55
Teemu Hartikainen 0 0 0 0 0 3 2 0 0 0 0/0 12:32 0:00 0:24
Tony DeAngelo 0 0 0 0 0 0 1 1 0 2 0/0 14:25 0:00 0:00
Tyler Myers 1 0 1 -1 0 1 1 0 0 1 0/0 28:20 2:13 3:27
Players Stats for Flames
Player Name G A P +/- PIM S H SB GA TA FO MP PP MP PK MP
------------------------------------------------------------------------------------
Anders Lee 0 0 0 0 0 0 2 0 0 0 2/3 8:36 0:00 0:00
Brad Marchand 0 0 0 1 0 2 2 0 1 0 2/3 20:17 3:08 1:13
Brendan Mikkelson 0 0 0 0 0 1 0 1 0 1 0/0 14:44 0:00 0:53
Bryan Rust 0 0 0 1 0 0 1 0 1 0 1/2 17:43 2:49 0:00
Christian Folin 0 0 0 0 0 0 1 1 1 2 0/0 21:41 2:11 1:19
Colby Robak 0 0 0 0 2 1 0 0 0 0 0/0 13:24 0:00 0:00
Colin Wilson 0 0 0 0 0 0 1 1 0 0 1/2 14:49 0:15 0:00
David Savard 0 0 0 0 0 0 0 0 0 0 0/0 5:38 0:00 0:00
Eric Staal 1 0 1 1 0 4 1 0 0 0 18/26 27:01 2:53 2:47
Erik Johnson 1 0 1 2 2 1 0 3 0 1 0/0 28:35 3:46 1:48
Esa Lindell 0 0 0 0 0 0 1 3 1 0 0/0 21:27 2:11 1:19
Jake DeBrusk 0 0 0 0 0 0 0 0 0 0 0/1 15:40 0:00 0:49
Jimmy Hayes 0 1 1 1 2 2 2 0 0 1 1/1 18:25 3:08 0:24
Kevin Labanc 0 0 0 0 0 1 0 0 1 0 0/0 7:37 0:00 0:00
Kyle Palmieri 0 0 0 0 0 2 1 0 0 2 0/0 14:40 0:00 0:00
Patrik Berglund 0 0 0 1 0 2 5 0 1 0 4/9 22:22 2:49 2:47
Sami Vatanen 0 2 2 2 0 3 0 1 3 0 0/0 25:51 3:46 2:41
Tanner Pearson 0 1 1 1 0 0 1 0 0 0 0/0 17:27 2:49 0:00
3 Stars
1 - Sami Vatanen (Cal)
2 - Eric Staal (Cal)
3 - Erik Johnson (Cal)
Power Play
Canucks - 2 on 3 Attempt(s) - 66.67%
Flames - 0 on 3 Attempt(s) - 0.00%
Penalty Kill
Canucks - 3 on 3 Attempt(s) - 100.00%
- Score 0 goal in Penalty Kill
Flames - 1 on 3 Attempt(s) - 33.33%
- Score 0 goal in Penalty Kill
Team Stat
Canucks - Hits : 23 - Faceoff Wins : 18 - Blocked Shots : 10 - Penalty Minutes : 6
Flames - Hits : 18 - Faceoff Wins : 29 - Blocked Shots : 10 - Penalty Minutes : 6
Official
Referees : Michael Markovic and Francois St. Laurent
Linesman : Ryan Galloway and Jesse Marquis
Game Notes
No Game Note
Finance
Level 1 -- Attendance: 5883 (98.05%) -- Ticket Income $588,300
Level 2 -- Attendance: 5000 (100.00%) -- Ticket Income $300,000
Level 3 -- Attendance: 1899 (94.95%) -- Ticket Income $66,465
Level 4 -- Attendance: 4000 (100.00%) -- Ticket Income $100,000
Luxury Box -- Attendance: 888 (88.80%) -- Ticket Income $177,600
Game was played at the Scotiabank Saddledome.
Total Attendance: 17670 (98.17%)
Total Ticket Income: $1,232,365
Other Income: $184,855
Total Income: $1,417,220
Canucks
5 vs 5 Forward
Center Left Wing Right Wing Time % Phy DF OF
1 Gilbert Brule J.T. Miller Sam Gagner 40 1 2 2
2 Maxim Talbot Jeremy Morin Loui Eriksson 30 1 2 2
3 Nick Spaling Teemu Hartikainen Josh Bailey 20 1 2 2
4 Alexander Kerfoot J.T. Miller Denis Gurianov 10 1 2 2
5 vs 5 Defense
Defense Defense Time % Phy DF OF
1 Oliver Ekman-Larsson Tyler Myers 40 1 2 2
2 Hampus Lindholm Nikita Zaitsev 30 1 2 2
3 Connor Murphy Tony DeAngelo 20 1 2 2
4 Oliver Ekman-Larsson Tyler Myers 10 1 2 2
PowerPlay Forward
Center Left Wing Right Wing Time % Phy DF OF
1 Gilbert Brule J.T. Miller Sam Gagner 60 1 2 2
2 Maxim Talbot Jeremy Morin Loui Eriksson 40 1 2 2
PowerPlay Defense
Defense Defense Time % Phy DF OF
1 Oliver Ekman-Larsson Tyler Myers 60 1 2 2
2 Hampus Lindholm Nikita Zaitsev 40 1 2 2
Penalty Kill 4 Players Forward
Center Wing Time % Phy DF OF
1 J.T. Miller Gilbert Brule 60 1 2 2
2 Sam Gagner Jeremy Morin 40 1 2 2
Penalty Kill 4 Players Defense
Defense Defense Time % Phy DF OF
1 Oliver Ekman-Larsson Tyler Myers 60 1 2 2
2 Hampus Lindholm Nikita Zaitsev 40 1 2 2
Penalty Kill - 3 Players Forward
Forward Time % Phy DF OF
1 J.T. Miller 60 1 2 2
2 Gilbert Brule 40 1 2 2
Penalty Kill - 3 Players Defense
Defense Defense Time % Phy DF OF
1 Oliver Ekman-Larsson Tyler Myers 60 1 2 2
2 Hampus Lindholm Nikita Zaitsev 40 1 2 2
4 vs 4 Forward
Center Wing Time % Phy DF OF
1 J.T. Miller Gilbert Brule 60 1 2 2
2 Sam Gagner Jeremy Morin 40 1 2 2
4 vs 4 Defense
Defense Defense Time % Phy DF OF
1 Oliver Ekman-Larsson Tyler Myers 60 1 2 2
2 Hampus Lindholm Nikita Zaitsev 40 1 2 2
Last Minutes Offensive
Center Left Wing Right Wing Defense Defense
Gilbert Brule J.T. Miller Sam Gagner Oliver Ekman-Larsson Tyler Myers
Last Minutes Defensive
Center Left Wing Right Wing Defense Defense
Gilbert Brule J.T. Miller Sam Gagner Oliver Ekman-Larsson Tyler Myers
Goaltenders
Starting : Jonathan Bernier
Backup : Matt Hackett
Extra Forwards
Normal : Michael Joly, Josh Bailey, Nick Spaling - PP : Michael Joly, Josh Bailey - PK : Nick Spaling
Extra Defensemen
Normal : Connor Murphy, Tony DeAngelo, Hampus Lindholm - PP : Connor Murphy - PK : Tony DeAngelo, Hampus Lindholm
Penalty Shots
J.T. Miller, Gilbert Brule, Sam Gagner, Jeremy Morin, Loui Eriksson
Scratches
None
Flames
5 vs 5 Forward
Center Left Wing Right Wing Time % Phy DF OF
1 Eric Staal Brad Marchand Jimmy Hayes 40 1 2 2
2 Patrik Berglund Tanner Pearson Bryan Rust 30 1 2 2
3 Colin Wilson Jake DeBrusk Kyle Palmieri 20 1 2 2
4 Anders Lee Eric Staal Kevin Labanc 10 1 2 2
5 vs 5 Defense
Defense Defense Time % Phy DF OF
1 Erik Johnson Sami Vatanen 40 1 2 2
2 Esa Lindell Christian Folin 30 1 2 2
3 Colby Robak Brendan Mikkelson 20 1 2 2
4 David Savard Erik Johnson 10 1 2 2
PowerPlay Forward
Center Left Wing Right Wing Time % Phy DF OF
1 Eric Staal Brad Marchand Jimmy Hayes 60 1 2 2
2 Patrik Berglund Tanner Pearson Bryan Rust 40 1 2 2
PowerPlay Defense
Defense Defense Time % Phy DF OF
1 Erik Johnson Sami Vatanen 60 1 2 2
2 Esa Lindell Christian Folin 40 1 2 2
Penalty Kill 4 Players Forward
Center Wing Time % Phy DF OF
1 Eric Staal Patrik Berglund 60 1 2 2
2 Brad Marchand Jimmy Hayes 40 1 2 2
Penalty Kill 4 Players Defense
Defense Defense Time % Phy DF OF
1 Erik Johnson Sami Vatanen 60 1 2 2
2 Esa Lindell Christian Folin 40 1 2 2
Penalty Kill - 3 Players Forward
Forward Time % Phy DF OF
1 Eric Staal 60 1 2 2
2 Patrik Berglund 40 1 2 2
Penalty Kill - 3 Players Defense
Defense Defense Time % Phy DF OF
1 Erik Johnson Sami Vatanen 60 1 2 2
2 Esa Lindell Christian Folin 40 1 2 2
4 vs 4 Forward
Center Wing Time % Phy DF OF
1 Eric Staal Patrik Berglund 60 1 2 2
2 Brad Marchand Jimmy Hayes 40 1 2 2
4 vs 4 Defense
Defense Defense Time % Phy DF OF
1 Erik Johnson Sami Vatanen 60 1 2 2
2 Esa Lindell Christian Folin 40 1 2 2
Last Minutes Offensive
Center Left Wing Right Wing Defense Defense
Eric Staal Brad Marchand Jimmy Hayes Erik Johnson Sami Vatanen
Last Minutes Defensive
Center Left Wing Right Wing Defense Defense
Eric Staal Brad Marchand Jimmy Hayes Erik Johnson Sami Vatanen
Goaltenders
Starting : Henrik Lundqvist
Backup : Christopher Gibson
Extra Forwards
Normal : Colin Wilson, Kyle Palmieri, Jake DeBrusk - PP : Colin Wilson, Kyle Palmieri - PK : Jake DeBrusk
Extra Defensemen
Normal : Colby Robak, Brendan Mikkelson, David Savard - PP : Colby Robak - PK : Brendan Mikkelson, David Savard
Penalty Shots
Eric Staal, Patrik Berglund, Brad Marchand, Jimmy Hayes, Bryan Rust
Scratches
David Ullstrom (Healthy), Vladimir Sobotka (Healthy), Nathan Lieuwen (Healthy)
% Time on Ice - Canucks
Lines # - Real PCT - Wanted PCT - Time Play
Normal Forward
1 - 31% - 40% - 15:31
2 - 31% - 30% - 15:17
3 - 24% - 20% - 11:58
4 - 15% - 10% - 7:17
Normal Defense
1 - 38% - 40% - 19:01
2 - 32% - 30% - 16:15
3 - 27% - 20% - 13:20
4 - 3% - 10% - 1:27
PP Forward
1 - 51% - 60% - 2:03
2 - 49% - 40% - 1:57
PP Defense
1 - 55% - 60% - 2:13
2 - 45% - 40% - 1:47
PK Forward
1 - 81% - 60% - 4:50
2 - 19% - 40% - 1:07
PK Defense
1 - 58% - 60% - 3:27
2 - 42% - 40% - 2:30
PK3 Forward
1 - 0% - 60%
2 - 0% - 40%
PK3 Defense
1 - 0% - 60%
2 - 0% - 40%
44 Forward
1 - 77% - 60% - 3:51
2 - 23% - 40% - 1:09
44 Defense
1 - 66% - 60% - 3:17
2 - 34% - 40% - 1:43
Last Minute Offensive - 0:00
Last Minute Defensive - 0:00
Total
Forward - 65:00
Defense - 65:00
|
% Time on Ice - Flames
Lines # - Real PCT - Wanted PCT - Time Play
Normal Forward
1 - 29% - 40% - 14:45
2 - 31% - 30% - 15:40
3 - 25% - 20% - 12:32
4 - 14% - 10% - 7:06
Normal Defense
1 - 34% - 40% - 16:51
2 - 32% - 30% - 15:59
3 - 24% - 20% - 12:10
4 - 10% - 10% - 5:03
PP Forward
1 - 53% - 60% - 3:08
2 - 47% - 40% - 2:49
PP Defense
1 - 63% - 60% - 3:46
2 - 37% - 40% - 2:11
PK Forward
1 - 84% - 60% - 3:21
2 - 16% - 40% - 0:39
PK Defense
1 - 67% - 60% - 2:41
2 - 33% - 40% - 1:19
PK3 Forward
1 - 0% - 60%
2 - 0% - 40%
PK3 Defense
1 - 0% - 60%
2 - 0% - 40%
44 Forward
1 - 89% - 60% - 4:27
2 - 11% - 40% - 0:33
44 Defense
1 - 57% - 60% - 2:51
2 - 43% - 40% - 2:09
Last Minute Offensive - 0:00
Last Minute Defensive - 0:00
Total
Forward - 65:00
Defense - 65:00
|
Play-by-Play
1st period
0:01 of 1st period - Eric Staal wins face-off versus Gilbert Brule in neutral zone.
0:14 of 1st period - Wrist shot by J.T. Miller.
0:14 of 1st period - Shot Misses the Net.
0:26 of 1st period - Jimmy Hayes is hit by Teemu Hartikainen and loses puck.
0:37 of 1st period - Snap shot by Teemu Hartikainen.
0:37 of 1st period - Stopped by Henrik Lundqvist with a rebound.
0:39 of 1st period - Wrist shot by Nick Spaling.
0:39 of 1st period - Stopped by Henrik Lundqvist with a rebound.
1:01 of 1st period - Snap shot by Tanner Pearson.
1:01 of 1st period - Shot Misses the Net.
1:03 of 1st period - Snap shot by Tanner Pearson.
1:03 of 1st period - Shot Blocked by Maxim Talbot.
1:10 of 1st period - Icing by Jeremy Morin.
1:11 of 1st period - Maxim Talbot wins face-off versus Colin Wilson in Canucks zone.
1:24 of 1st period - Snap shot by J.T. Miller.
1:24 of 1st period - Stopped by Henrik Lundqvist without a rebound.
1:25 of 1st period - Alexander Kerfoot wins face-off versus Patrik Berglund in Flames zone.
1:52 of 1st period - Eric Staal is hit by Josh Bailey and loses puck.
2:25 of 1st period - Snap shot by Kyle Palmieri.
2:25 of 1st period - Stopped by Jonathan Bernier with a rebound.
2:41 of 1st period - Bryan Rust is hit by Loui Eriksson and loses puck.
3:56 of 1st period - Wrist shot by Bryan Rust.
3:56 of 1st period - Shot Blocked by Oliver Ekman-Larsson.
5:21 of 1st period - Icing by Connor Murphy.
5:22 of 1st period - Colin Wilson wins face-off versus Gilbert Brule in Canucks zone.
5:23 of 1st period - Snap shot by Jake DeBrusk.
5:23 of 1st period - Shot Misses the Net.
5:31 of 1st period - Snap shot by Colin Wilson.
5:31 of 1st period - Shot Blocked by Gilbert Brule.
5:33 of 1st period - Slapshot by Jake DeBrusk.
5:33 of 1st period - Shot Blocked by Tony DeAngelo.
5:35 of 1st period - Wrist shot by Colin Wilson.
5:35 of 1st period - Deflect By Jake DeBrusk.
5:35 of 1st period - Shot Blocked by Connor Murphy.
5:35 of 1st period - Puck is out of play.
5:36 of 1st period - Eric Staal wins face-off versus Gilbert Brule in Canucks zone.
5:39 of 1st period - Wrist shot by Jimmy Hayes.
5:39 of 1st period - Stopped by Jonathan Bernier without a rebound.
5:40 of 1st period - Eric Staal wins face-off versus Gilbert Brule in Canucks zone.
6:07 of 1st period - Patrik Berglund is hit by Nick Spaling and loses puck.
6:14 of 1st period - Josh Bailey is hit by Bryan Rust.
6:59 of 1st period - Snap shot by Eric Staal.
6:59 of 1st period - Stopped by Jonathan Bernier with a rebound.
7:16 of 1st period - Wrist shot by Patrik Berglund.
7:16 of 1st period - Stopped by Jonathan Bernier without a rebound.
7:17 of 1st period - Maxim Talbot wins face-off versus Patrik Berglund in Canucks zone.
7:17 of 1st period - Maxim Talbot is hit by Tanner Pearson.
7:51 of 1st period - Slapshot by Brad Marchand.
7:51 of 1st period - Stopped by Jonathan Bernier with a rebound.
8:38 of 1st period - Wrist shot by Eric Staal.
8:38 of 1st period - Stopped by Jonathan Bernier with a rebound.
8:44 of 1st period - Brad Marchand is hit by Denis Gurianov.
8:48 of 1st period - Tony DeAngelo is hit by Jimmy Hayes and loses puck.
9:11 of 1st period - Wrist shot by Teemu Hartikainen.
9:11 of 1st period - Shot Misses the Net.
9:13 of 1st period - Slapshot by Nick Spaling.
9:13 of 1st period - Stopped by Henrik Lundqvist without a rebound.
9:14 of 1st period - Maxim Talbot wins face-off versus Patrik Berglund in Flames zone.
9:21 of 1st period - Slapshot by Hampus Lindholm.
9:21 of 1st period - Shot Blocked by Esa Lindell.
9:23 of 1st period - Wrist shot by Maxim Talbot.
9:23 of 1st period - Stopped by Henrik Lundqvist with a rebound.
9:25 of 1st period - Slapshot by Jeremy Morin.
9:25 of 1st period - Stopped by Henrik Lundqvist without a rebound.
9:26 of 1st period - Eric Staal wins face-off versus Gilbert Brule in Flames zone.
9:37 of 1st period - Wrist shot by Brad Marchand.
9:37 of 1st period - Stopped by Jonathan Bernier with a rebound.
9:39 of 1st period - Snap shot by Brad Marchand.
9:39 of 1st period - Shot Misses the Net.
9:41 of 1st period - Snap shot by Jimmy Hayes.
9:41 of 1st period - Stopped by Jonathan Bernier with a rebound.
10:18 of 1st period - Snap shot by Loui Eriksson.
10:18 of 1st period - Shot Blocked by Colin Wilson.
11:06 of 1st period - Icing by Patrik Berglund.
11:07 of 1st period - Jeremy Morin wins face-off versus Anders Lee in Flames zone.
11:12 of 1st period - Wrist shot by Loui Eriksson.
11:12 of 1st period - Deflect By Jeremy Morin.
11:12 of 1st period - Stopped by Henrik Lundqvist without a rebound.
11:13 of 1st period - Anders Lee wins face-off versus Maxim Talbot in Flames zone.
12:05 of 1st period - Slapshot by Oliver Ekman-Larsson.
12:05 of 1st period - Shot Blocked by Esa Lindell.
12:07 of 1st period - Slapshot by Tyler Myers.
12:07 of 1st period - Shot Blocked by Christian Folin.
12:35 of 1st period - Slapshot by Kevin Labanc.
12:35 of 1st period - Shot Misses the Net.
13:52 of 1st period - Off-side.
13:53 of 1st period - Bryan Rust wins face-off versus Gilbert Brule in neutral zone.
13:55 of 1st period - Sami Vatanen is hit by J.T. Miller and loses puck.
14:20 of 1st period - Josh Bailey is hit by Colin Wilson and loses puck.
15:13 of 1st period - Sam Gagner is hit by Patrik Berglund and loses puck.
15:34 of 1st period - Patrik Berglund is hit by Oliver Ekman-Larsson and loses puck.
16:24 of 1st period - Oliver Ekman-Larsson is hit by Kyle Palmieri and loses puck.
Goals for this period are 0 for Canucks vs 0 for Flames.
Shots for this period are 7 for Canucks vs 8 for Flames.
2nd period
0:01 of 2nd period - Gilbert Brule wins face-off versus Brad Marchand in neutral zone.
1:10 of 2nd period - Wrist shot by J.T. Miller.
1:10 of 2nd period - Stopped by Henrik Lundqvist without a rebound.
1:11 of 2nd period - Eric Staal wins face-off versus Alexander Kerfoot in Flames zone.
1:24 of 2nd period - Wrist shot by J.T. Miller.
1:24 of 2nd period - Stopped by Henrik Lundqvist without a rebound.
1:25 of 2nd period - Brad Marchand wins face-off versus J.T. Miller in Flames zone.
1:36 of 2nd period - Snap shot by J.T. Miller.
1:36 of 2nd period - Stopped by Henrik Lundqvist without a rebound.
1:37 of 2nd period - Eric Staal wins face-off versus Gilbert Brule in Flames zone.
1:46 of 2nd period - Snap shot by Eric Staal.
1:46 of 2nd period - Deflect By Nikita Zaitsev.
1:46 of 2nd period - Goal by Eric Staal - Canucks : 0 - Flames : 1.
1:47 of 2nd period - Eric Staal wins face-off versus Sam Gagner in neutral zone.
2:14 of 2nd period - Bryan Rust is hit by Maxim Talbot.
3:14 of 2nd period - Patrik Berglund is hit by Jeremy Morin and loses puck.
4:12 of 2nd period - Minor Penalty to Sam Gagner for Roughing.
4:13 of 2nd period - J.T. Miller wins face-off versus Eric Staal in Canucks zone.
6:12 of 2nd period - Penalty to Sam Gagner is over, Sam Gagner is back on ice.
6:14 of 2nd period - Teemu Hartikainen is hit by Eric Staal and loses puck.
6:59 of 2nd period - Jeremy Morin is hit by Patrik Berglund.
7:34 of 2nd period - Eric Staal is hit by Gilbert Brule and loses puck.
7:39 of 2nd period - Slapshot by Gilbert Brule.
7:39 of 2nd period - Shot Misses the Net.
7:41 of 2nd period - Slapshot by Connor Murphy.
7:41 of 2nd period - Deflect By Kevin Labanc.
7:41 of 2nd period - Stopped by Henrik Lundqvist without a rebound.
7:42 of 2nd period - Maxim Talbot wins face-off versus Patrik Berglund in Flames zone.
7:53 of 2nd period - Maxim Talbot is hit by Patrik Berglund and loses puck.
8:32 of 2nd period - Off-side.
8:33 of 2nd period - Patrik Berglund wins face-off versus Gilbert Brule in neutral zone.
8:42 of 2nd period - Slapshot by Sami Vatanen.
8:42 of 2nd period - Stopped by Jonathan Bernier with a rebound.
8:44 of 2nd period - Snap shot by Patrik Berglund.
8:44 of 2nd period - Deflect By Bryan Rust.
8:44 of 2nd period - Deflect By Hampus Lindholm.
8:44 of 2nd period - Shot Misses the Net.
8:44 of 2nd period - Puck is out of play.
8:45 of 2nd period - Gilbert Brule wins face-off versus Eric Staal in Canucks zone.
9:10 of 2nd period - Bryan Rust is hit by Jeremy Morin and loses puck.
9:55 of 2nd period - Snap shot by Kyle Palmieri.
9:55 of 2nd period - Shot Misses the Net.
9:57 of 2nd period - Slapshot by Colby Robak.
9:57 of 2nd period - Shot Misses the Net.
9:59 of 2nd period - Slapshot by Brendan Mikkelson.
9:59 of 2nd period - Stopped by Jonathan Bernier with a rebound.
10:01 of 2nd period - Wrist shot by Jimmy Hayes.
10:01 of 2nd period - Shot Misses the Net.
10:03 of 2nd period - Wrist shot by Brad Marchand.
10:03 of 2nd period - Shot Misses the Net.
10:05 of 2nd period - Backhand shot by Eric Staal.
10:05 of 2nd period - Stopped by Jonathan Bernier without a rebound.
10:06 of 2nd period - Jimmy Hayes wins face-off versus Maxim Talbot in Canucks zone.
10:31 of 2nd period - Bryan Rust is hit by Gilbert Brule and loses puck.
11:20 of 2nd period - Slapshot by Jeremy Morin.
11:20 of 2nd period - Shot Misses the Net.
11:22 of 2nd period - Slapshot by Tyler Myers.
11:22 of 2nd period - Shot Blocked by Brendan Mikkelson.
12:02 of 2nd period - Slapshot by Teemu Hartikainen.
12:02 of 2nd period - Stopped by Henrik Lundqvist with a rebound.
12:29 of 2nd period - Erik Johnson is hit by Loui Eriksson and loses puck.
12:53 of 2nd period - Snap shot by Kyle Palmieri.
12:53 of 2nd period - Shot Blocked by Hampus Lindholm.
13:03 of 2nd period - Jimmy Hayes is hit by Nick Spaling and loses puck.
13:37 of 2nd period - Esa Lindell is hit by Tony DeAngelo.
13:57 of 2nd period - Snap shot by Kevin Labanc.
13:57 of 2nd period - Stopped by Jonathan Bernier with a rebound.
13:59 of 2nd period - Slapshot by Colby Robak.
13:59 of 2nd period - Shot Misses the Net.
14:01 of 2nd period - Slapshot by Erik Johnson.
14:01 of 2nd period - Deflect By Kyle Palmieri.
14:01 of 2nd period - Shot Blocked by Connor Murphy.
14:01 of 2nd period - Puck is out of play.
14:02 of 2nd period - Patrik Berglund wins face-off versus Gilbert Brule in Canucks zone.
14:07 of 2nd period - Snap shot by Tanner Pearson.
14:07 of 2nd period - Deflect By Patrik Berglund.
14:07 of 2nd period - Stopped by Jonathan Bernier without a rebound.
14:08 of 2nd period - Patrik Berglund wins face-off versus Gilbert Brule in Canucks zone.
14:39 of 2nd period - Snap shot by Kyle Palmieri.
14:39 of 2nd period - Shot Blocked by Hampus Lindholm.
14:41 of 2nd period - Wrist shot by Colin Wilson.
14:41 of 2nd period - Shot Blocked by Loui Eriksson.
14:43 of 2nd period - Wrist shot by Sami Vatanen.
14:43 of 2nd period - Stopped by Jonathan Bernier with a rebound.
14:45 of 2nd period - Snap shot by Kyle Palmieri.
14:45 of 2nd period - Shot Misses the Net.
14:59 of 2nd period - Hampus Lindholm is hit by Brad Marchand and loses puck.
15:03 of 2nd period - Icing by Josh Bailey.
15:04 of 2nd period - Nick Spaling wins face-off versus Patrik Berglund in Canucks zone.
15:04 of 2nd period - Nick Spaling is hit by Esa Lindell.
15:20 of 2nd period - Slapshot by Hampus Lindholm.
15:20 of 2nd period - Shot Blocked by Esa Lindell.
15:22 of 2nd period - Snap shot by Teemu Hartikainen.
15:22 of 2nd period - Stopped by Henrik Lundqvist without a rebound.
15:23 of 2nd period - Eric Staal wins face-off versus Gilbert Brule in Flames zone.
15:23 of 2nd period - Eric Staal is hit by Oliver Ekman-Larsson.
15:45 of 2nd period - Minor Penalty to Jimmy Hayes for Hooking.
15:46 of 2nd period - Gilbert Brule wins face-off versus Eric Staal in Flames zone.
15:47 of 2nd period - Backhand shot by J.T. Miller.
15:47 of 2nd period - Shot Misses the Net.
15:49 of 2nd period - Wrist shot by Gilbert Brule.
15:49 of 2nd period - Stopped by Henrik Lundqvist without a rebound.
15:50 of 2nd period - Eric Staal wins face-off versus Gilbert Brule in Flames zone.
15:50 of 2nd period - Eric Staal is hit by Gilbert Brule.
16:02 of 2nd period - Snap shot by Patrik Berglund.
16:02 of 2nd period - Shot Misses the Net.
16:51 of 2nd period - Icing by Maxim Talbot.
16:52 of 2nd period - Maxim Talbot wins face-off versus Jake DeBrusk in Canucks zone.
17:45 of 2nd period - Penalty to Jimmy Hayes is over, Jimmy Hayes is back on ice.
18:10 of 2nd period - Slapshot by Colby Robak.
18:10 of 2nd period - Deflect By Tyler Myers.
18:10 of 2nd period - Stopped by Jonathan Bernier without a rebound.
18:11 of 2nd period - Anders Lee wins face-off versus Maxim Talbot in Canucks zone.
18:30 of 2nd period - Nikita Zaitsev is hit by Patrik Berglund.
18:43 of 2nd period - Slapshot by Connor Murphy.
18:43 of 2nd period - Shot Misses the Net.
19:28 of 2nd period - Snap shot by Jeremy Morin.
19:28 of 2nd period - Shot Misses the Net.
Goals for this period are 0 for Canucks vs 1 for Flames.
Shots for this period are 7 for Canucks vs 8 for Flames.
3rd period
0:01 of 3rd period - Gilbert Brule wins face-off versus Eric Staal in neutral zone.
0:29 of 3rd period - Minor Penalty to Erik Johnson for Holding.
0:30 of 3rd period - Eric Staal wins face-off versus Sam Gagner in Flames zone.
0:46 of 3rd period - Snap shot by Gilbert Brule.
0:46 of 3rd period - Stopped by Henrik Lundqvist with a rebound.
1:04 of 3rd period - Slapshot by Oliver Ekman-Larsson.
1:04 of 3rd period - Deflect By Maxim Talbot.
1:04 of 3rd period - Shot Misses the Net.
1:04 of 3rd period - Puck is out of play.
1:05 of 3rd period - Brad Marchand wins face-off versus Maxim Talbot in Flames zone.
1:46 of 3rd period - Icing by Hampus Lindholm.
1:47 of 3rd period - Eric Staal wins face-off versus Gilbert Brule in Canucks zone.
2:04 of 3rd period - Slapshot by Hampus Lindholm.
2:04 of 3rd period - Goal by Hampus Lindholm - Canucks : 1 - Flames : 1.
2:05 of 3rd period - Gilbert Brule wins face-off versus Eric Staal in neutral zone.
2:14 of 3rd period - Wrist shot by Sam Gagner.
2:14 of 3rd period - Shot Misses the Net.
2:16 of 3rd period - Wrist shot by J.T. Miller.
2:16 of 3rd period - Shot Misses the Net.
2:18 of 3rd period - Backhand shot by Tyler Myers.
2:18 of 3rd period - Deflect By Gilbert Brule.
2:18 of 3rd period - Stopped by Henrik Lundqvist with a rebound.
2:20 of 3rd period - Slapshot by Oliver Ekman-Larsson.
2:20 of 3rd period - Stopped by Henrik Lundqvist with a rebound.
2:22 of 3rd period - Backhand shot by Gilbert Brule.
2:22 of 3rd period - Shot Misses the Net.
2:41 of 3rd period - Snap shot by Tanner Pearson.
2:41 of 3rd period - Shot Misses the Net.
2:43 of 3rd period - Slapshot by Erik Johnson.
2:43 of 3rd period - Goal by Erik Johnson - Canucks : 1 - Flames : 2.
2:44 of 3rd period - Eric Staal wins face-off versus Sam Gagner in neutral zone.
3:40 of 3rd period - Icing by Erik Johnson.
3:41 of 3rd period - Patrik Berglund wins face-off versus Gilbert Brule in Flames zone.
3:41 of 3rd period - Patrik Berglund is hit by Sam Gagner.
4:07 of 3rd period - Brad Marchand is hit by Nikita Zaitsev and loses puck.
5:11 of 3rd period - Wrist shot by Sam Gagner.
5:11 of 3rd period - Stopped by Henrik Lundqvist with a rebound.
5:48 of 3rd period - Gilbert Brule is hit by Anders Lee and loses puck.
6:28 of 3rd period - Off-side.
6:29 of 3rd period - Eric Staal wins face-off versus Alexander Kerfoot in neutral zone.
6:33 of 3rd period - Snap shot by Eric Staal.
6:33 of 3rd period - Shot Misses the Net.
6:35 of 3rd period - Slapshot by Esa Lindell.
6:35 of 3rd period - Shot Blocked by J.T. Miller.
6:37 of 3rd period - Wrist shot by Brad Marchand.
6:37 of 3rd period - Shot Misses the Net.
6:53 of 3rd period - Slapshot by Tanner Pearson.
6:53 of 3rd period - Shot Misses the Net.
6:55 of 3rd period - Minor Penalty to Maxim Talbot for Tripping.
6:56 of 3rd period - Eric Staal wins face-off versus J.T. Miller in Canucks zone.
7:43 of 3rd period - Brad Marchand is hit by Sam Gagner and loses puck.
8:55 of 3rd period - Penalty to Maxim Talbot is over, Maxim Talbot is back on ice.
10:09 of 3rd period - Alexander Kerfoot is hit by Anders Lee.
10:21 of 3rd period - Wrist shot by Loui Eriksson.
10:21 of 3rd period - Stopped by Henrik Lundqvist with a rebound.
11:13 of 3rd period - Connor Murphy is hit by Brad Marchand and loses puck.
11:39 of 3rd period - Minor Penalty to Colby Robak for Hooking.
11:40 of 3rd period - Maxim Talbot wins face-off versus Eric Staal in Flames zone.
11:43 of 3rd period - Wrist shot by Jeremy Morin.
11:43 of 3rd period - Stopped by Henrik Lundqvist with a rebound.
11:45 of 3rd period - Wrist shot by Loui Eriksson.
11:45 of 3rd period - Shot Blocked by Erik Johnson.
11:49 of 3rd period - Wrist shot by Jeremy Morin.
11:49 of 3rd period - Deflect By Maxim Talbot.
11:49 of 3rd period - Shot Blocked by Sami Vatanen.
11:49 of 3rd period - Puck is out of play.
11:50 of 3rd period - Eric Staal wins face-off versus Maxim Talbot in Flames zone.
12:01 of 3rd period - Slapshot by Oliver Ekman-Larsson.
12:01 of 3rd period - Shot Blocked by Erik Johnson.
12:03 of 3rd period - Snap shot by Loui Eriksson.
12:03 of 3rd period - Shot Misses the Net.
12:05 of 3rd period - Slapshot by Tyler Myers.
12:05 of 3rd period - Goal by Tyler Myers - Canucks : 2 - Flames : 2.
12:06 of 3rd period - Gilbert Brule wins face-off versus Eric Staal in neutral zone.
12:17 of 3rd period - Wrist shot by J.T. Miller.
12:17 of 3rd period - Shot Misses the Net.
13:01 of 3rd period - Slapshot by Kyle Palmieri.
13:01 of 3rd period - Stopped by Jonathan Bernier with a rebound.
13:48 of 3rd period - Eric Staal is hit by Teemu Hartikainen and loses puck.
14:09 of 3rd period - Slapshot by Maxim Talbot.
14:09 of 3rd period - Shot Misses the Net.
14:11 of 3rd period - Snap shot by Maxim Talbot.
14:11 of 3rd period - Shot Misses the Net.
15:16 of 3rd period - Minor Penalty to Maxim Talbot for Roughing.
15:17 of 3rd period - J.T. Miller wins face-off versus Bryan Rust in Canucks zone.
16:19 of 3rd period - Tyler Myers is hit by Jimmy Hayes.
16:53 of 3rd period - Sami Vatanen is hit by Sam Gagner and loses puck.
17:13 of 3rd period - Icing by Sami Vatanen.
17:14 of 3rd period - Eric Staal wins face-off versus J.T. Miller in Flames zone.
17:16 of 3rd period - Penalty to Maxim Talbot is over, Maxim Talbot is back on ice.
18:01 of 3rd period - Snap shot by Tony DeAngelo.
18:01 of 3rd period - Shot Misses the Net.
Goals for this period are 2 for Canucks vs 1 for Flames.
Shots for this period are 8 for Canucks vs 2 for Flames.
Overtime #1
0:01 of 1st overtime period - Eric Staal wins face-off versus J.T. Miller in neutral zone.
0:04 of 1st overtime period - Slapshot by Sami Vatanen.
0:04 of 1st overtime period - Stopped by Jonathan Bernier without a rebound.
0:05 of 1st overtime period - J.T. Miller wins face-off versus Eric Staal in Canucks zone.
0:12 of 1st overtime period - Snap shot by J.T. Miller.
0:12 of 1st overtime period - Shot Misses the Net.
0:58 of 1st overtime period - Wrist shot by Colin Wilson.
0:58 of 1st overtime period - Shot Misses the Net.
2:19 of 1st overtime period - Esa Lindell is hit by Tyler Myers and loses puck.
4:08 of 1st overtime period - Connor Murphy is hit by Christian Folin and loses puck.
4:25 of 1st overtime period - J.T. Miller is hit by Patrik Berglund and loses puck.
4:38 of 1st overtime period - Wrist shot by Jeremy Morin.
4:38 of 1st overtime period - Stopped by Henrik Lundqvist with a rebound.
4:40 of 1st overtime period - Slapshot by Connor Murphy.
4:40 of 1st overtime period - Shot Misses the Net.
4:42 of 1st overtime period - Snap shot by Sam Gagner.
4:42 of 1st overtime period - Stopped by Henrik Lundqvist without a rebound.
4:43 of 1st overtime period - Eric Staal wins face-off versus Sam Gagner in Flames zone.
4:48 of 1st overtime period - Snap shot by Sam Gagner.
4:48 of 1st overtime period - Stopped by Henrik Lundqvist with a rebound.
4:50 of 1st overtime period - Backhand shot by Tyler Myers.
4:50 of 1st overtime period - Shot Blocked by Erik Johnson.
Goals for this period are 0 for Canucks vs 0 for Flames.
Shots for this period are 3 for Canucks vs 1 for Flames.
ShootOut
5:00 of 1st overtime period - Round #1.
5:00 of 1st overtime period - Canucks, J.T. Miller.
5:00 of 1st overtime period - Backhand shot by J.T. Miller.
5:00 of 1st overtime period - Stopped by Henrik Lundqvist.
5:00 of 1st overtime period - Flames, Eric Staal.
5:00 of 1st overtime period - Deke by Eric Staal.
5:00 of 1st overtime period - Shot Misses the Net.
5:00 of 1st overtime period - Round #2.
5:00 of 1st overtime period - Canucks, Gilbert Brule.
5:00 of 1st overtime period - Snap shot by Gilbert Brule.
5:00 of 1st overtime period - Goal by Gilbert Brule.
5:00 of 1st overtime period - Flames, Patrik Berglund.
5:00 of 1st overtime period - Deke by Patrik Berglund.
5:00 of 1st overtime period - Stopped by Jonathan Bernier.
5:00 of 1st overtime period - Round #3.
5:00 of 1st overtime period - Canucks, Sam Gagner.
5:00 of 1st overtime period - Snap shot by Sam Gagner.
5:00 of 1st overtime period - Stopped by Henrik Lundqvist.
5:00 of 1st overtime period - Flames, Brad Marchand.
5:00 of 1st overtime period - Backhand shot by Brad Marchand.
5:00 of 1st overtime period - Stopped by Jonathan Bernier.